Map: Deathaura LE

Players

goblin

  • Race: Protoss Protoss
  • League: Grandmaster
  • Spawn Location: 5:00

Serral - Winner!

  • Race: Zerg Zerg
  • League: Master
  • Spawn Location: 11:00

Event: DreamHack SC2 Masters 2020 Fall

VOD

Have the link to the VOD?

Description

Time

  • Played on: Sept. 5, 2020, 11:06 a.m.
  • Length: 3:52

All games in this series

Show
View Real Time Build Order
Export as new Build Order

goblin Protoss 

Build Orders: 1 Gate Expand 

Get SALT Encoding   

  12  0:00  Probe  
  13  0:12  Probe  
  14  0:18  Pylon  
  14  0:24  Probe (Chrono Boost)  
  15  0:36  Gateway, Probe (Chrono Boost)  
  16  0:44  Probe (Chrono Boost)  
  16  0:46  Assimilator  
  17  0:50  Probe  
  18  1:03  Probe  
  19  1:25  Cybernetics Core  
  20  1:31  Nexus  
  19  1:37  Zealot (Chrono Boost)  
  21  1:43  Pylon  
  21  1:46  Probe  
  22  1:52  Assimilator  
  22  2:01  Stalker (Chrono Boost)  
  22  2:05  Probe (Chrono Boost)  
  25  2:17  Probe (Chrono Boost)  
  26  2:24  Adept  
  26  2:25  Probe (Chrono Boost)  
  29  2:32  Probe  
  29  2:33  Stargate  
  30  2:43  Shield Battery  
  30  2:44  Probe (Chrono Boost)  
  30  2:51  Probe (Chrono Boost)  
  32  2:54  Probe (Chrono Boost)  
  32  2:58  Probe (Chrono Boost)  
  34  2:59  Probe (Chrono Boost)  
  35  3:10  Probe x2 (Chrono Boost)  
  39  3:22  Probe (Chrono Boost)  
  39  3:23  Pylon  
  41  3:27  Probe (Chrono Boost)  
  41  3:29  Probe (Chrono Boost)  
  41  3:30  Pylon  
  41  3:33  Probe  
  43  3:37  Probe  
Show
View Real Time Build Order
Export as new Build Order

Serral Zerg - Winner!

Build Orders: Pool First 

Get SALT Encoding   

  12  0:00  Drone  
  13  0:13  Overlord  
  13  0:17  Drone  
  14  0:31  Drone x2  
  16  0:40  Spawning Pool  
  15  0:44  Drone  
  15  0:48  Drone  
  17  0:59  Extractor  
  16  1:13  Drone  
  16  1:14  Hatchery  
  16  1:27  Zergling x4  
  16  1:29  Zergling x2  
  19  1:36  Queen  
  21  1:48  Roach Warren  
  21  1:53  Drone  
  21  2:00  Metabolic Boost  
  21  2:09  Overlord  
  21  2:28  Roach  
  21  2:29  Roach  
  25  2:30  Roach  
  25  2:36  Roach  
  29  2:41  Overlord  
  29  2:45  Zergling x2  
  29  2:48  Zergling x2  
  31  2:51  Zergling x2  
  31  2:55  Zergling x2  
  33  3:00  Zergling x2  
  33  3:04  Ravager  
  35  3:06  Zergling x2  
  35  3:09  Zergling x2  
  37  3:13  Zergling x2  
  37  3:19  Zergling x2  
  39  3:20  Zergling x2  
  39  3:25  Zergling x2  
  40  3:35  Zergling x4  

Tags
 
Add a new tag
Caveats
  • Supply blocks, unpowered buildings, or Contaminate may cause inaccurate times.
  • Supply counts are checked every 10 seconds.